 Dungeon Crawl Stone Soup version 0.30-a0-378-g86d51d8b50 (webtiles) character file.

Game seed: 17765986114490471264

67 Aqq the Firebug (level 4, -1/30 HPs)
             Began as a Demonspawn Fire Elementalist on Dec 1, 2022.
             Slain by a scorpion (2 damage)
             ... on level 2 of the Dungeon.
             The game lasted 00:09:01 (2331 turns).

Aqq the Firebug (Demonspawn Fire Elementalist)      Turns: 2331, Time: 00:09:02

Health: -1/30      AC:  2    Str:  8    XL:     4   Next: 0%
Magic:  1/7        EV: 12    Int: 18    God:
Gold:   97         SH:  0    Dex: 14    Spells: 5/8 levels left

rFire   + . .      SeeInvis .    c - +0 dagger
rCold   . . .      Faith    .    (no shield)
rNeg    . . .      Spirit   .    a - +0 robe
rPois   .          Reflect  .    (helmet restricted)
rElec   .          Harm     .    (no cloak)
rCorr   .          Rampage  .    (no gloves)
Will    .....                    (no boots)
Stlth   ++........               (no amulet)
HPRegen 0.25/turn                o - ring of protection from fire
MPRegen 0.10/turn                (no ring)

@: lethally poisoned (-1 -> -5), attractive
A: antennae 1, hooves 1, ignite blood 1
a: no special abilities


You were on level 2 of the Dungeon.
You visited 1 branch of the dungeon, and saw 3 of its levels.

You collected 97 gold pieces.

Inventory:

Hand Weapons
 c - a +0 dagger (weapon)
Missiles
 j - 5 atropa-tipped darts
Armour
 a - a +0 robe (worn)
 k - a scarf of shadows
Jewellery
 o - a ring of protection from fire (left hand)
Scrolls
 d - 2 scrolls of identify {unknown}
 e - a scroll of vulnerability {unknown}
 f - a scroll of butterflies {unknown}
 g - a scroll of torment {unknown}
 i - a scroll of blinking {unknown}
 l - a scroll of enchant weapon {unknown}
 m - 2 scrolls of immolation {unknown}
 p - a scroll of teleportation {unknown}
 q - a scroll of poison {unknown}
Potions
 b - a potion of magic
 h - a potion of cancellation {unknown}
 n - a potion of attraction
 r - 2 potions of brilliance {unknown}


   Skills:
 + Level 0.2 Fighting
 + Level 2.2 Dodging
 - Level 1.7 Stealth
 + Level 2.5 Spellcasting
 + Level 1.5 Conjurations
 + Level 3.5 Fire Magic


You had 5 spell levels left.
You knew the following spells:

 Your Spells              Type           Power      Damage    Failure   Level
a - Foxfire               Conj/Fire      44%        2x1d6     6%          1
b - Scorch                Fire           30%        2d6       6%          2

Your spell library contained the following spells:

 Spells                   Type           Power      Damage    Failure   Level
 Momentum Strike          Conj/Tloc      10%        3d8       19%         2
 Inner Flame              Hex/Fire       8%         N/A       24%         3
 Blink                    Tloc           4%         N/A       26%         2
 Kindle Blastsparks       Fire/Tloc/Air  12%        2d11      32%         3
 Lesser Beckoning         Tloc           4%         N/A       45%         3
 Flame Wave               Conj/Fire      11%        2d6       52%         4


Dungeon Overview and Level Annotations

Branches:
Dungeon (3/15)

Altars:


Innate Abilities, Weirdness & Mutations

You have a pair of small antennae on your head.
You have large cloven feet.
Your demonic aura sometimes causes spilled blood to erupt in flames.


Message History

The scorpion poisons you!
You feel sick.
You feel sick.
You feel sick.
The scorpion is no longer more vulnerable to fire.
The scorpion stings you.
Casting: Scorch (safe; 6% risk of failure)
Confirm with . or Enter, or press ? or * to list all spells.
Flames lash the scorpion.
The scorpion is moderately wounded.
The scorpion's fire resistance burns away.
You feel sick.
You hear an angry hiss.
The scorpion barely misses you. The scorpion attacks as you move away!
The scorpion stings you.
You feel sick.
You feel sick.
You feel sick.
You are no longer poisoned.
The scorpion is no longer more vulnerable to fire.
Casting: Scorch (safe; 6% risk of failure)
Confirm with . or Enter, or press ? or * to list all spells.
Okay, then.
The scorpion attacks as you move away! The scorpion misses you.
The scorpion stings you!
* * * LOW HITPOINT WARNING * * *
You are lethally poisoned!
The scorpion poisons you!
There is a stone staircase leading up here.
Unknown command.
* * * LOW HITPOINT WARNING * * *
You feel very sick. The scorpion closely misses you.
You climb upwards.
* * * LOW HITPOINT WARNING * * *
You feel sick.
There is a stone staircase leading down here.
It was a potion of attraction.
You feel attractive to monsters.
* * * LOW HITPOINT WARNING * * *
You feel sick. The scorpion stings you.
You die...

##.###..# #....)....#...#
#..#...# #.........#.#.#
#
#....#†###.........#.#.#
#
###.###.#####...........
## ##.#.## #........###
.# ###.#######....÷####
.# #.....#.....[...# .#
#.#.....#####.### # .#
#.#.#@#.#####.# ## .#
#.#..s......<.# #. .#
####.#.#.#.###.### #.
.########.##.#.#.#.##..>#
#.
.##........#.......##...#
##
....#####.###########...#
# .#......#....# #...#
##.####.#..#.# #...#
......#.##...# #...#


You could see a scorpion.

Vanquished Creatures
  An adder (D:2)
  A dart slug (D:2)
  6 bats
  5 endoplasms
  6 giant cockroaches
  3 goblins
  7 hobgoblins
  4 jackals (D:2)
  5 kobolds
  4 ball pythons
  3 frilled lizards
  4 rats
49 creatures vanquished.

Vanquished Creatures (others)
  124 foxfires
124 creatures vanquished.

Grand Total: 173 creatures vanquished

Notes
Turn   | Place    | Note
-------+----------+-------------------------------------------
     0 | D:1      | Aqq the Demonspawn Fire Elementalist began the quest for
                  | the Orb.
     0 | D:1      | Reached XP level 1. HP: 13/13 MP: 3/3
     2 | D:1      | Noticed a gargoyle
     2 | D:1      | Noticed a demonspawn
     4 | D:1      | Noticed an ogre
     6 | D:1      | Noticed a spriggan
     6 | D:1      | Noticed a formicid
     8 | D:1      | Noticed a vine stalker
     8 | D:1      | Noticed a human
    10 | D:1      | Noticed a troll
    10 | D:1      | Noticed a draconian
    12 | D:1      | Noticed an octopode
    14 | D:1      | Noticed a minotaur
    14 | D:1      | Noticed a tengu
    16 | D:1      | Noticed a merfolk
    16 | D:1      | Noticed a felid
    18 | D:1      | Noticed a ghoul
    18 | D:1      | Noticed a vampire
    20 | D:1      | Noticed an elf
    22 | D:1      | Noticed a naga
    22 | D:1      | Noticed an armataur
    24 | D:1      | Noticed a meteoran
    24 | D:1      | Noticed a demonspawn
    26 | D:1      | Noticed a demonspawn
    26 | D:1      | Noticed a ghoul
   292 | D:1      | Reached skill level 3 in Fire Magic
   292 | D:1      | Gained mutation: Your demonic aura sometimes causes spilled
                  | blood to erupt in flames. [demonic ancestry]
   292 | D:1      | Reached XP level 2. HP: 19/19 MP: 1/5
   400 | D:1      | Learned a level 2 spell: Scorch
  1335 | D:2      | Discovered your monstrous ancestry.
  1335 | D:2      | Gained mutation: You have large cloven feet. [demonic
                  | ancestry]
  1335 | D:2      | Reached XP level 3. HP: 24/24 MP: 1/6
  2279 | D:3      | Gained mutation: You have a pair of small antennae on your
                  | head. [demonic ancestry]
  2279 | D:3      | Reached XP level 4. HP: 30/30 MP: 5/7
  2312 | D:3      | Noticed a scorpion
  2331 | D:2      | HP: 1/30 [poisoned by a scorpion]
  2331 | D:2      | Slain by a scorpion

Illustrated notes

Levels and vault maps discovered:
D:1:      kb_arrival_jail, layout_loops_ring, minmay_ruptured
D:2:      layout_loops_cross, grunt_decor_mini_mirrors, minmay_close_crescents
D:3:      layout_basic, amcnicky_altar_gilded, overflow_temple_1_default,
          nemelex_dance_club_becter, serial_corexii_hall,
          chequers_hall_statues_corner_a, corexii_hall_statues_x

Skill      XL: |  1 |
---------------+----+-----
Dodging        | 2 |  2.2
Fire Magic     | 3 |  3.5
Fighting       | |  0.2
Stealth        | |  1.7
Spellcasting   | |  2.5
Conjurations   | |  1.5

Action                   |  1- 3 |  4- 6 || total
-------------------------+-------+-------++-------
Melee: Dagger            |     5 |       ||     5
       Kick              |     1 |       ||     1
 Cast: Foxfire           |    72 |     1 ||    73
       Scorch            |       |     3 ||     3
  Use: Potion            |       |     1 ||     1
 Stab: Sleeping          |     2 |       ||     2
Armor: Robe              |     7 |       ||     7
Dodge: Dodged            |    15 |     3 ||    18

Table legend: (Time is in decaauts)
 A = Elapsed time spent in this place.
 B = Non-inter-level travel time spent in this place.
 C = Inter-level travel time spent in this place.
 D = Time resting spent in this place.
 E = Time spent auto-exploring this place.
 F = Levels seen in this place.
 G = Mean time per level.
                   A        B        C        D        E       F      G
               +--------+--------+--------+--------+--------+-----+--------+
         Total |   2330 |   2257 |     73 |    765 |    920 |   3 |  776.7 |
       Dungeon |   2330 |   2257 |     73 |    765 |    920 |   3 |  776.7 |
               +--------+--------+--------+--------+--------+-----+--------+

Top non-repeatable levels by time:
     D:1: 1230 daAuts
     D:2: 1037 daAuts
     D:3: 61 daAuts
